Unix NetHack Version 3.7.0-97 Work-in-progress - last build Feb 8 2024 15:05:57 (6d6cdf8371b60126770a3d7b88910941cb14a054,branch:master). Game began 2024-02-23 08:13:55, ended 2024-02-23 08:22:28. elenmirie, neutral female gnomish Archeologist -------- #...(...| #|......| #|......| #|......| ----- #|......| |..<| #####|......| #...(| --------# ----.--- #|...| |......+# # #|..)+ |......|## ed ######----- |......|# @ ## ## |......|# r # ## |......|# --.-- # |.......# |.... ### -------- |...| ## |>...## ----- Elenmirie the Digger St:14 Dx:9 Co:12 In:13 Wi:18 Ch:9 Neutral Dlvl:4 $:33 HP:0(19) Pw:10(10) AC:8 Xp:2/38 T:1770 Weak Latest messages: This door is locked. This door is locked. This door is locked. This door is locked. In what direction? h Whammm!! In what direction? h As you kick the door, it crashes open! $ - 10 gold pieces (20 in total). You see here a milky potion. q - a milky potion. $ - 13 gold pieces (33 in total). You see here a chest. q - a milky potion (2 in total). What do you want to use or apply? [aegtw or ?*] w You put 2 milky potions into the sack. The acid blob oozes under the door. Yermak bites the acid blob. The acid blob is killed! You find a hidden passage. You swap places with Yermak. You lash the dwarf zombie. The dwarf zombie hits! You destroy the dwarf zombie! You hear some noises. You miss the floating eye. You are frozen by the floating eye's gaze! You are beginning to feel hungry. Yermak bites the floating eye. Yermak is frozen by the floating eye's gaze! You can move again. You miss the floating eye. You are frozen by the floating eye's gaze! You are beginning to feel weak. The sewer rat bites! The sewer rat bites! The sewer rat bites! The sewer rat bites! The sewer rat bites! The sewer rat bites! The sewer rat bites! The sewer rat bites! The sewer rat bites! The sewer rat bites! You die... Do you want your possessions identified? [ynq] (y) y Do you want to see your attributes? [ynq] (y) y Do you want an account of creatures vanquished? [ynaq] (y) y Do you want to see your conduct and achievements? [ynq] (y) y Do you want to see the dungeon overview? [ynq] (y) y Inventory: Coins $ - 33 gold pieces Weapons a - an uncursed burnt +2 bullwhip (weapon in right hand) Armor c - an uncursed +0 fedora j - an uncursed +0 orcish helm (being worn) b - an uncursed +0 leather jacket (being worn) Comestibles d - 5 uncursed food rations Tools w - an uncursed sack containing 7 items e - an uncursed +0 pick-axe t - an uncursed tinning kit (0:58) Gems/Stones g - an uncursed touchstone Contents of the sack: 2919 gold pieces an uncursed scroll of confuse monster an uncursed scroll of earth a cursed scroll of enchant armor an uncursed scroll of scare monster 2 uncursed potions of healing an uncursed potion of sickness Elenmirie the Archeologist's attributes: Background: You were a Digger, a level 2 female gnomish Archeologist. You were neutral, nominally on a mission for Camaxtli who was opposed by Quetzalcoatl (lawful) and Huhetotl (chaotic). You were right-handed. You were in the Dungeons of Doom, on level 4. You entered the dungeon 1770 turns ago. There was a full moon in effect when your adventure ended. You had 38 experience points, 2 more were needed to attain level 3. Basics: You had 0 out of 19 hit points. You had all 10 energy points (spell power). Your armor class was 8. Your wallet contained 33 zorkmids, and you had 2919 more stashed away in your pack. Autopickup was on for '$' plus thrown. Final Characteristics: Your strength was 14 (base:15, limit:18/50). Your dexterity was 9 (limit:18). Your constitution was 12 (limit:18). Your intelligence was 13 (limit:19). Your wisdom was 18 (limit:18). Your charisma was 9 (limit:18). Final Status: You were weak from severe hunger. You were unencumbered. You were wielding a whip. You had basic skill with whip. Final Attributes: You were devoutly aligned. You had automatic searching. You had infravision. You were lucky. You are dead. Miscellaneous: You never encountered a bones level. Total elapsed playing time was 8 minutes and 32 seconds. Major events: Turn 1: elenmirie the neutral female gnomish Archeologist entered the dungeon 914: entered the Gnomish Mines 1770: killed by a sewer rat, while frozen by a floating eye's gaze Vanquished creatures: a dwarf zombie an acid blob a coyote a hobbit 3 giant rats a brown mold 2 jackals a fox 3 goblins 2 grid bugs 2 bats a lichen 19 creatures vanquished. No species were genocided or became extinct. Voluntary challenges: You were an atheist. You were illiterate. You never engraved Elbereth. You never genocided any monsters. You never polymorphed an object. You never changed form. You used no wishes. Achievements: You entered a shop. You entered the Gnomish Mines. The Dungeons of Doom: levels 1 to 4 Level 1: Some fountains, a grave. Level 2: A grave. Stairs down to The Gnomish Mines. Level 3: A fountain. Level 4: <- You were here. Final resting place for you, killed by a sewer rat, while frozen by a floating eye's gaze. The Gnomish Mines: Level 3: Game over: ---------- / \ / REST \ / IN \ / PEACE \ / \ | elenmirie | | 2952 Au | | killed by a | | sewer rat | | | | | | 2024 | *| * * * | * _________)/\\_//(\/(/\)/\//\/|_)_______ Goodbye elenmirie the Archeologist... You died in The Dungeons of Doom on dungeon level 4 with 2959 points, and 2952 pieces of gold, after 1770 moves. You were level 2 with a maximum of 19 hit points when you died.